 Dungeon Crawl Stone Soup version 0.17-a0-877-ga10078a (webtiles) character file.

4635 hornqvist the Covert (level 10, -4/72 HPs)
             Began as an Octopode Assassin on Apr 30, 2015.
             Was an Initiate of Gozag.
             Slain by hornqvist's ghost (7 damage)
             ... on level 9 of the Dungeon.
             The game lasted 00:15:37 (10377 turns).

hornqvist the Covert (Octopode Assassin)           Turns: 10377, Time: 00:15:38

Health: -4/72      AC:  1    Str: 18    XL:     10   Next: 43%
Magic:  15/15      EV: 16    Int: 13    God:    Gozag
Gold:   645        SH:  0    Dex: 15    Spells: 0 memorised, 15 levels left

rFire  + . .     SeeInvis +     L - +2 short sword (venom)
rCold  . . .     Clarity  .     (no shield)
rNeg   + . .     SustAb   .     (helmet restricted)
rPois  .         Gourm    .     s - amulet of regeneration
rElec  .         Spirit   .     f - ring of positive energy
rCorr  .         Warding  .     v - ring of stealth (curse)
rMut   .         Stasis   .     E - ring of see invisible
MR     +....                    P - ring of protection from fire (curse)
Stlth  +++++++++.               S - ring of protection from magic
                                (no ring)
                                (no ring)
                                (no ring)

@: mighty, somewhat resistant to hostile enchantments, incredibly stealthy
A: almost no armour, amphibious, 8 rings, constrict 8, camouflage 1, gelatinous
body 1
a: Potion Petition, Call Merchant, Bribe Branch, Renounce Religion


You were on level 9 of the Dungeon.
You worshipped Gozag.
Gozag was noncommittal.
You were not hungry.

You visited 2 branches of the dungeon, and saw 10 of its levels.
You also visited: Sewer and Ossuary.

You collected 1417 gold pieces.
You spent 230 gold pieces at shops.
You paid 542 gold pieces to Gozag.

Inventory:

Hand weapons
 a - a +3 dagger of electrocution
 b - a +0 blowgun
 h - a cursed +1 dagger of protection
 L - a +2 short sword of venom (weapon)
 N - the +3 dagger of Senavom {drain, rElec rPois MP+9 Dex-4}
   (You bought it in a shop on level 9 of the Dungeon)

   A truly terrible weapon, it drains the life of those it strikes.
   It affects your dexterity (-4).
   It insulates you from electricity.
   It protects you from poison.
   It affects your magic capacity (+9).
Missiles
 c - 83 poisoned needles
 d - 6 curare-tipped needles
Jewellery
 f - a ring of positive energy (left tentacle)
 q - an uncursed amulet of guardian spirit
 s - an amulet of regeneration (around mantle)
 v - a cursed ring of stealth (right tentacle)
 w - an uncursed amulet of stasis
 E - a ring of see invisible (on tentacle)
 P - a cursed ring of protection from fire (on tentacle)
 S - a ring of protection from magic (on tentacle)
Magical devices
 l - a wand of fireball (7)
 n - a wand of slowing (32)
 t - a wand of paralysis (10)
 H - a wand of disintegration (18)
 J - a wand of magic darts (31)
Scrolls
 i - 2 scrolls of recharging
 m - 2 scrolls of silence {unknown}
 p - a scroll of blinking
 y - a scroll of magic mapping
 A - a scroll of random uselessness
 C - a scroll of enchant armour {unknown}
 G - 2 scrolls of remove curse
 K - a scroll of identify
 M - a scroll of teleportation
 O - a scroll of holy word {unknown}
Potions
 k - 2 potions of flight {unknown}
 o - 2 potions of curing
 r - a potion of brilliance
 u - 2 potions of berserk rage {unknown}
 x - a potion of degeneration {unknown}
 z - a potion of cure mutation {unknown}
 B - a potion of haste
 F - a potion of mutation {unknown}
 I - 2 potions of agility
 R - a potion of heal wounds {unknown}
Comestibles
 e - 2 bread rations
 j - 3 meat rations
 D - 2 fruits


   Skills:
 + Level 7.7 Fighting
 - Level 2.0 Throwing
 + Level 7.5 Dodging
 + Level 14.2 Stealth
 + Level 3.3 Spellcasting


You had 15 spell levels left.
You didn't know any spells.

Dungeon Overview and Level Annotations

Branches:
Dungeon (9/15)             Temple (1/1) D:4
   Lair: D:8-11         Orc: D:9-12

Altars:
Ashenzari
Cheibriados
Dithmenos
Elyvilon
Fedhas
Gozag
Kikubaaqudgha
Makhleb
Nemelex Xobeh
Okawaru
Qazlal
Ru
Sif Muna
Trog
Vehumet
Xom
Yredelemnul
Zin
The Shining One

Shops:
D:6 *   D:8 }   D:9 *

Annotations:
D:4 Viceroy's ghost, average MiFi
D:9 hornqvist's ghost, experienced OpAs


Innate Abilities, Weirdness & Mutations

You cannot wear most types of armour.
You are amphibious.
You can wear up to eight rings at the same time.
You can use your tentacles to constrict eight enemies at once.
Your skin changes colour to match your surroundings (Stealth).
Your rubbery body absorbs attacks (AC +1).


Message History

You take 3 damage, and have 37/72 hp.
You barely miss hornqvist's ghost. Hornqvist's ghost hits you!
* * * LOW HITPOINT WARNING * * *
You puncture hornqvist's ghost! You squeeze hornqvist's ghost!
Hornqvist's ghost hits you!
* * * LOW HITPOINT WARNING * * *
You take 15 damage, and have 22/72 hp.
MASSIVE DAMAGE!!
You hit hornqvist's ghost. Your squeeze misses hornqvist's ghost.
Hornqvist's ghost hits you!
* * * LOW HITPOINT WARNING * * *
You take 11 damage, and have 11/72 hp.
You hit hornqvist's ghost. Your squeeze misses hornqvist's ghost.
Hornqvist's ghost hits you!
* * * LOW HITPOINT WARNING * * *
You take 9 damage, and have 2/72 hp.
You puncture hornqvist's ghost! Hornqvist's ghost misses you.
Hornqvist's ghost misses you.
You puncture hornqvist's ghost! Hornqvist's ghost hits you!
You die...
Your body crumbles into a pile of gold.

>##..# .# . #.. .###.#
.# . #.# .# #.# .# ##.
#.# .###.####.#. ####
#.. #.# .............
..# #.# #.#
.....####.## #.# #.#
#.# ###### #.###.# #.#
#.#########...#.# #.#
#......W@....:#.####.#
###########..........#
#|######.### ...# #.#
.#### #.# # #.# #.#
#.# #.# #.# #.#


You could see hornqvist's ghost.

Vanquished Creatures
  The ghost of OrbSeeker the Tainter, an experienced OpVM of Vehumet (D:6)
  Maurice (D:8)
  Grinder (D:6)
  A human (D:2)
  A hippogriff (D:9)
  2 hungry ghosts
  An orc warrior (D:9)
  Duvessa (D:4)
  An ice beast (D:7)
  2 water moccasins
  An ogre (D:6)
  2 centaurs
  A phantom (D:9)
  A necrophage (D:9)
  3 sky beasts
  The ghost of hornqvist the Sneak, an average OpAs (D:3)
  A giant frog (Sewer)
  Dowan (D:4)
  3 scorpions
  8 wights
  A giant frog zombie (D:6)
  6 crimson imps
  2 human zombies (Ossuary)
  2 jellies
  A goliath beetle (D:5)
  2 orc priests
  3 hounds
  A giant frog skeleton (D:8)
  3 worker ants
  An iguana (D:4)
  A big kobold zombie (Ossuary)
  A hound zombie (D:6)
  2 hound skeletons (D:7)
  3 mummies (Ossuary)
  2 worker ant zombies
  4 gnolls (D:7)
  14 adders
  5 scorpion zombies (Ossuary)
  5 shadow imps
  15 oozes
  An adder zombie (D:7)
  2 adder skeletons
  22 giant geckos
  13 orcs
  A bat zombie (D:6)
  5 giant cockroaches
  A gnoll zombie (Ossuary)
  12 hobgoblins
  8 jackals
  15 kobolds
  17 ball pythons
  6 bats
  17 giant newts
  8 goblins
  3 goblin zombies
  3 hobgoblin zombies (Ossuary)
  2 kobold zombies (Ossuary)
  An orc zombie (Ossuary)
  5 quokkas
  A quokka zombie (D:6)
  17 rats
268 creatures vanquished.

Vanquished Creatures (others)
  A goblin zombie (Ossuary)
1 creature vanquished.

Grand Total: 269 creatures vanquished

Notes
Turn   | Place    | Note
--------------------------------------------------------------
     0 | D:1      | hornqvist, the Octopode Assassin, began the quest for the Orb.
     0 | D:1      | Reached XP level 1. HP: 14/14 MP: 1/1
   754 | D:1      | Reached XP level 2. HP: 19/19 MP: 2/2
  1279 | D:1      | Reached XP level 3. HP: 22/25 MP: 3/3
  1293 | D:1      | Reached skill level 6 in Stealth
  1612 | D:2      | Reached XP level 4. HP: 27/30 MP: 4/4
  1615 | D:2      | Found a runed door.
  1615 | D:2      | Found a basalt altar of Yredelemnul.
  1615 | D:2      | Noticed a human
  1652 | D:2      | Killed a human
  1652 | D:2      | Reached skill level 7 in Stealth
  1652 | D:2      | Reached XP level 5. HP: 26/36 MP: 5/5
  1903 | D:2      | Reached XP level 6. HP: 42/42 MP: 6/6
  2300 | D:3      | Reached skill level 8 in Stealth
  2351 | D:3      | Found a glowing drain.
  2365 | Sewer    | Entered a sewer
  3538 | Sewer    | Reached XP level 7. HP: 48/48 MP: 7/7
  3752 | D:3      | Noticed hornqvist's ghost (average OpAs)
  3771 | D:3      | Killed hornqvist's ghost
  3771 | D:3      | Reached skill level 9 in Stealth
  4247 | D:4      | Noticed Duvessa
  4247 | D:4      | Noticed Dowan
  4252 | D:4      | Killed Duvessa
  4270 | D:4      | Killed Dowan
  4782 | D:4      | Found a white marble altar of Elyvilon.
  4782 | D:4      | Found a glowing silver altar of Zin.
  4783 | D:4      | Found a glowing golden altar of the Shining One.
  4978 | D:4      | Reached skill level 10 in Stealth
  5001 | D:4      | Reached XP level 8. HP: 23/54 MP: 3/8
  5121 | D:4      | Found a staircase to the Ecumenical Temple.
  5166 | D:4      | Noticed Viceroy's ghost (average MiFi)
  5208 | Temple   | Entered the Ecumenical Temple
  5257 | Temple   | Became a worshipper of Gozag Ym Sagoz the Greedy
  5483 | D:5      | Entered Level 5 of the Dungeon
  5677 | D:5      | HP: 2/54 [something (4)]
  5949 | D:5      | Reached skill level 5 in Fighting
  6111 | D:5      | Found a snail-covered altar of Cheibriados.
  6700 | D:6      | Reached skill level 5 in Dodging
  6700 | D:6      | Reached skill level 11 in Stealth
  6739 | D:6      | Found a blossoming altar of Fedhas.
  6740 | D:6      | Noticed Grinder
  6929 | D:6      | Paralysed by Grinder for 5 turns
  6945 | D:6      | Paralysed by Grinder for 2 turns
  6952 | D:6      | Killed Grinder
  6958 | D:6      | Reached skill level 12 in Stealth
  6958 | D:6      | Reached XP level 9. HP: 48/62 MP: 7/9
  7292 | D:6      | Found Xompeq's General Store.
  7302 | D:6      | Bought a potion of might for 48 gold pieces
  7441 | D:6      | Noticed OrbSeeker's ghost (experienced OpVM)
  7451 | D:6      | Killed OrbSeeker's ghost
  7828 | D:7      | Found a sand-covered staircase.
  7833 | Ossuary  | Entered an ossuary
  7876 | Ossuary  | Reached skill level 13 in Stealth
  8397 | D:7      | Reached skill level 1 in Spellcasting
  9051 | D:7      | Reached XP level 10. HP: 55/71 MP: 11/13
  9298 | D:8      | Found Qaps's Gadget Shoppe.
  9535 | D:8      | Found a snail-covered altar of Cheibriados.
  9546 | D:8      | Found a sparkling altar of Nemelex Xobeh.
  9561 | D:8      | Found a shattered altar of Ashenzari.
  9564 | D:8      | Found a shadowy altar of Dithmenos.
  9779 | D:8      | Noticed Maurice
  9786 | D:8      | Killed Maurice
  9786 | D:8      | Reached skill level 14 in Stealth
  9913 | D:9      | Found Gamujaud's Assorted Antiques.
  9923 | D:9      | Bought a transparent dagger for 182 gold pieces
  9923 | D:9      | Identified the +3 dagger of Senavom {drain, rElec rPois MP+9 Dex-4} (You bought it in a shop on level 9 of the Dungeon)
 10361 | D:9      | Noticed hornqvist's ghost (experienced OpAs)
 10375 | D:9      | HP: 2/72 [hornqvist's ghost (10)]
 10377 | D:9      | Slain by hornqvist's ghost

Action                   |  1- 3 |  4- 6 |  7- 9 | 10-12 || total
-------------------------+-------+-------+-------+-------++-------
Melee: Dagger            |    50 |   141 |   383 |    68 ||   642
       Short sword       |       |       |       |    11 ||    11
 Fire: Blowgun           |     2 |     9 |     4 |     4 ||    19
Invok: Call Merchant     |       |       |     1 |       ||     1
  Use: Potion            |       |     4 |     9 |     1 ||    14
       Scroll            |       |     2 |    10 |       ||    12
 Stab: Sleeping          |    17 |    33 |    38 |    15 ||   103
       Distracted        |       |     1 |     3 |     1 ||     5
       Invisible         |       |     2 |       |       ||     2
  Eat: Chunk             |     2 |     6 |     6 |       ||    14
       Bread ration      |       |       |     3 |       ||     3
       Fruit             |       |       |     5 |     1 ||     6
       Meat ration       |       |       |       |     1 ||     1
       Beef jerky        |       |       |       |     1 ||     1
